 Dungeon Crawl Stone Soup version 0.28.0-45-g0d030f2227 (webtiles) character file.

Game seed: 6602952584411917863

132842 protoss039 the Sorcerer (level 16, -19/124 HPs)
             Began as a Deep Elf Air Elementalist on Apr 1, 2022.
             Was a High Priest of Sif Muna.
             Killed from afar by an eleionoma (43 damage)
             ... with a spray of wooden splinters
             ... on level 3 of the Swamp on Apr 4, 2022.
             The game lasted 02:32:55 (46982 turns).

protoss039 the Sorcerer (DEAE)                     Turns: 46982, Time: 02:32:55

Health: -19/124    AC: 35    Str:  5    XL:     16   Next: 58%
Magic:  10/44      EV: 13    Int: 38    God:    Sif Muna [*****.]
Gold:   429        SH:  5    Dex: 15    Spells: 6/59 levels left

rFire   + + .      SeeInvis .   D - +1 rapier "Ogreslayer" {pain, Contam Fly rF++ Will+}
rCold   . . .      Faith    .   (no shield)
rNeg    + + .      Spirit   .   (armour currently unavailable)
rPois   ∞          Reflect  +   S - +2 hat {Will+}
rElec   +          Harm     .   m - scarf {repulsion}
rCorr   .          Rampage  .   (gloves currently unavailable)
Will    +++..                   (boots currently unavailable)
Stlth   ++........              N - amulet of reflection
HPRegen 0.30/turn               k - ring of Xekun {rN+ Int+9}
MPRegen 0.29/turn               l - +4 ring of protection

@: swift, statue-form, flying, repel missiles, slow
A: slow and powerful, torment resistance 1, boosted hp
a: End Transformation, Renounce Religion, Channel Magic, Forget Spell, Divine
Exegesis


You were on level 3 of the Swamp.
You worshipped Sif Muna.
Sif Muna was extremely pleased with you.
You were a living statue of rough stone.
You visited 4 branches of the dungeon, and saw 26 of its levels.

You collected 2676 gold pieces.
You spent 2247 gold pieces at shops.

Inventory:

Hand Weapons
 D - the +1 rapier "Ogreslayer" (weapon) {pain, Contam Fly rF++ Will+}
   (You found it on level 10 of the Dungeon)

   In the hands of one skilled in necromantic magic, it inflicts extra damage on
   living creatures.
   rF:        It greatly protects you from fire.
   Fly:       It grants you flight.
   Contam:    It causes magical contamination when unequipped.
   Will:      It increases your willpower.
Missiles
 e - 3 throwing nets
Armour
 m - a scarf of repulsion (worn)
 w - a +0 pair of gloves (melded)
 H - a +2 robe of fire resistance
 J - a +2 robe of willpower
 K - a +2 pair of boots (melded)
 L - the +2 robe "Kerghesha" (melded) {rPois SInv}
   (You bought it in a shop on level 2 of the Orcish Mines)

   rPois:     It protects you from poison.
   SInv:      It lets you see invisible.
 S - a +2 hat of willpower (worn)
Magical Staves
 d - a staff of air
 q - a staff of conjuration
Jewellery
 i - an amulet of regeneration
 k - the ring of Xekun (left fist) {rN+ Int+9}
   (You bought it in a shop on level 2 of the Orcish Mines)

   [ring of positive energy]

   Int:       It affects your intelligence (+9).
   rN:        It protects you from negative energy.
 l - a +4 ring of protection (right fist)
 o - a ring of protection from fire
 r - a ring of ice
 N - an amulet of reflection (around neck)
Wands
 g - a wand of digging (4)
 E - a wand of iceblast (22)
 O - a wand of mindburst (8)
 Q - a wand of acid (15)
 R - a wand of flame (14)
Scrolls
 b - a scroll of enchant armour
 h - 2 scrolls of amnesia
 j - 7 scrolls of identify
 p - 4 scrolls of blinking
 t - 12 scrolls of teleportation
 u - 5 scrolls of magic mapping
 x - a scroll of enchant weapon
 y - 3 scrolls of holy word
 F - 3 scrolls of brand weapon
 G - 4 scrolls of fear
Potions
 a - 2 potions of brilliance
 c - 2 potions of ambrosia
 f - 6 potions of might
 n - 5 potions of lignification
 s - 3 potions of resistance
 v - a potion of magic
 z - a potion of invisibility
 A - 8 potions of curing
 B - 2 potions of mutation
 C - 7 potions of haste
 M - a potion of cancellation
 P - a potion of berserk rage
Miscellaneous
 I - a box of beasts


   Skills:
 * Level 9.3 Fighting
 - Level 3.0 Dodging
 - Level 3.0 Stealth
 - Level 0.2 Shields
 + Level 22.2 Spellcasting
 + Level 10.1 Conjurations
 - Level 6.0 Necromancy
 + Level 9.0 Transmutations
 * Level 14.6 Air Magic
 + Level 6.5 Earth Magic
 * Level 11.9 Invocations


You had 6 spell levels left.
You knew the following spells:

 Your Spells              Type           Power      Damage    Failure   Level
a - Lightning Bolt        Conj/Air       47%        1d67      1%          5
b - Irradiate             Conj/Tmut      43%        3d27      1%          5
c - Swiftness             Air            100%       N/A       0%          3
d - Airstrike             Air            50%        N/A       0%          4
e - Apportation           Tloc           84%        N/A       1%          1
f - Vampiric Draining     Necr           73%        2d11      1%          3
g - Storm Form            Tmut/Air       46%        N/A       3%          7
h - Statue Form           Tmut/Erth      52%        N/A       3%          6
i - Borgnjor's Vile Clut  Necr/Erth      37%        N/A       1%          5
j - Iron Shot             Conj/Erth      40%        9d8       3%          6
m - Maxwell's Capacitive  Air            50%        ∞         10%         8

Your spell library contained the following spells:

 Spells                   Type           Power      Damage    Failure   Level
 Magic Dart               Conj           100%       1d8       0%          1
 Shock                    Conj/Air       100%       1d9       0%          1
 Corpse Rot               Necr/Air       100%       N/A       0%          2
 Static Discharge         Conj/Air       94%        N/A       0%          2
 Animate Skeleton         Necr           100%       N/A       1%          1
 Pain                     Necr           100%       1d9       1%          1
 Slow                     Hex            100%       N/A       1%          1
 Blink                    Tloc           84%        N/A       1%          2
 Ensorcelled Hibernation  Hex/Ice        84%        N/A       1%          2
 Conjure Flame            Conj/Fire      69%        6-21      1%          3
 Summon Guardian Golem    Hex/Summ       42%        N/A       1%          3
 Anguish                  Hex/Necr       30%        N/A       1%          4
 Fulminant Prism          Conj/Hex       34%        3d16      1%          4
 Hailstorm                Conj/Ice       69%        3d14      1%          4
 Petrify                  Tmut/Erth      79%        N/A       1%          4
 Sticky Flame             Conj/Fire      69%        2d8       1%          4
 Summon Lightning Spire   Summ/Air       78%        N/A       1%          4
 Blade Hands              Tmut           42%        N/A       1%          5
 Fireball                 Conj/Fire      34%        3d14      1%          5
 Iskenderun's Battlesphe  Conj           88%        2d14      1%          5
 Lee's Rapid Deconstruct  Erth           37%        3d20*     1%          5
 Silence                  Hex/Air        39%        N/A       1%          5
 Alistair's Intoxication  Tmut/Pois      44%        N/A       2%          5
 Yara's Violent Unravell  Hex/Tmut       33%        3d14      2%          5
 Passage of Golubria      Tloc           42%        N/A       6%          4
 Manifold Assault         Tloc           42%        N/A       16%         5
 Metabolic Englaciation   Hex/Ice        21%        N/A       16%         5
 Orb of Destruction       Conj           44%        9d12      8%          7
 Dragon Form              Tmut           42%        N/A       12%         7
 Spellforged Servitor     Conj/Summ      34%        N/A       52%         7
 Lehudib's Crystal Spear  Conj/Erth      40%        10d10     77%         8
 Chain Lightning          Conj/Air       47%        3d62      98%         9
 Monstrous Menagerie      Summ           21%        N/A       99%         7
 Ozocubu's Refrigeration  Ice            21%        4d9       99%         7
 Summon Hydra             Summ           21%        N/A       99%         7
 Fire Storm               Conj/Fire      34%        8d9       100%        9


Dungeon Overview and Level Annotations

Branches:
Dungeon (15/15)            Temple (0/1) D:4            Lair (6/6) D:9
  Swamp (3/4) Lair:2        Snake (0/4) Lair:4        Slime (0/5) Lair:5
    Orc (2/2) D:11            Elf (0/3) Orc:2        Vaults (0/5) D:13
 Depths (0/4) D:15

Altars:
Cheibriados
Hepliaklqana
Makhleb
Ru
Sif Muna
Trog
Vehumet

Shops:
D:4 *=   D:10 :   D:11 ?   D:15 **   Orc:2 *=*=

Portals:
Hell: Lair:6

Annotations:
D:10 4 runed translucent doors
D:11 1 exclusion
D:14 1 exclusion
Orc:2 2 transporters, Nicoed's ghost, journeyman DECj


Message History

The floor.
The eleionoma flows through the trees.
You hit the eleionoma.
The eleionoma writhes in agony.
The eleionoma is lightly wounded.
The eleionoma hits you but does no damage.
The eleionoma hits you!
Unknown command.
Unknown command.
The eleionoma hurls a spray of splinters at you.
The spray of wooden splinters hits you but does no damage.
Unknown command.
Unknown command.
Unknown command.
Unknown command.
The eleionoma hurls a spray of splinters at you.
The spray of wooden splinters misses you.
Unknown command.
The eleionoma enters a dispersal trap!
You blink.
The eleionoma blinks!
Unknown command.
The eleionoma flows through the trees.
Unknown command.
Unknown command.
Press: ? - help, v - describe, . - travel
Here: an eleionoma The floor.
You block the eleionoma's attack.
The eleionoma hurls a spray of splinters at you.
The spray of wooden splinters hits you!
* * * LOW HITPOINT WARNING * * *
You block the eleionoma's attack.
Casting: Borgnjor's Vile Clutch (mildly dangerous; 1% risk of failure)
Confirm with . or Enter, or press ? or * to list all spells.
You feel quick. The eleionoma hits you!
* * * LOW HITPOINT WARNING * * *
Unknown command.
The eleionoma hits you but does no damage.
Unknown command.
The eleionoma hurls a spray of splinters at you.
The spray of wooden splinters hits you!!!
You die...

♣♣♣ ♣♣♣♣♣.♣♣♣♣ ♣♣♣ ♣
♣♣♣♣≈≈≈..≈.≈♣♣♣♣♣♣♣♣♣♣≈♣♣♣
♣♣♣♣≈.≈..≈..≈≈≈≈♣<.♣.≈..≈≈.≈♣
♣♣..^..≈≈.....≈.8≈...≈≈≈≈≈≈≈♣
♣♣....≈........♣.≈...≈≈.§≈≈≈♣
♣....≈≈..#####.R...≈..≈.≈≈≈≈♣
≈≈..≈≈..##....#..≈≈.♣♣♣♣.≈.♣♣♣♣
≈>.)...##.....##...♣♣ ♣.....≈♣
♣≈≈....#...#...#..♣♣ ♣♣≈...≈♣
♣♣.≈≈..#...?#..+..♣ ♣♣♣♣♣.≈...♣♣♣
...≈≈..#...#...#..♣♣♣≈≈♣.≈≈≈....♣
≈≈≈.≈..##......#..♣...<..≈§≈≈≈.♣♣


You could see an eleionoma.

Vanquished Creatures
  A tentacled monstrosity (Swamp:2)
  Gastronok (Lair:3)
  A fenstrider witch (shapeshifter) (D:15)
  An orc warlord (Orc:1)
  A very ugly thing (D:15)
  Nessos (Lair:6)
  8 bunyips
  3 eleionomae
  A dire elephant (Lair:6)
  Snorg (D:13)
  A shambling mangrove (Swamp:2)
  2 rakshasas (D:15)
  Erolcha (D:11)
  A vault guard (D:13)
  10 hydras
  Harold (Lair:1)
  2 ogre magi
  3 ghost crabs
  5 centaur warriors
  2 boulder beetles
  5 two-headed ogres
  8 alligators
  5 death yaks
  Urug (Orc:2)
  3 orc high priests (Orc:2)
  2 spriggan berserkers (Swamp:2)
  10 spriggans
  A sun demon (Lair:6)
  4 skeletal warriors
  Nergalle (Lair:1)
  A death drake (Swamp:2)
  A spriggan druid (Swamp:3)
  3 bog bodies
  7 goliath frogs
  3 swamp dragons
  4 wizards
  A glowing orange brain (D:15)
  A lindwurm (Lair:5)
  6 ugly things
  A deep elf pyromancer (D:10)
  4 orc knights (Orc:2)
  3 manticores
  6 orc sorcerers
  2 will-o-the-wisps
  3 cyclopes
  13 elephants
  7 black mambas
  Joseph (D:7)
  2 guardian serpents (D:15)
  5 orange demons (Lair:6)
  14 cane toads
  2 gargoyles
  An unseen horror (D:12)
  A rime drake (shapeshifter) (D:14)
  Psyche (D:8)
  8 rime drakes
  An efreet (D:11)
  A komodo dragon (shapeshifter) (D:13)
  9 komodo dragons
  3 ice devils
  A tengu conjurer (D:15)
  A hellwing (Lair:6)
  10 tyrant leeches
  A wind drake (shapeshifter) (D:15)
  5 trolls
  12 hornets
  2 polar bears
  Prince Ribbit (D:5)
  9 blink frogs (Lair:6)
  17 slime creatures
  2 shadows
  A vampire (D:12)
  A spriggan (shapeshifter) (D:15)
  3 wraiths
  4 wyverns
  42 yaks
  21 humans
  6 basilisks
  12 vampire mosquitoes
  14 swamp worms
  A naga (Lair:4)
  3 acid dragons
  3 hell hounds (Lair:6)
  4 wargs
  14 water moccasins
  2 swamp drakes (Swamp:2)
  4 black bears
  30 orc warriors
  4 ice beasts
  7 ogres
  3 necrophages
  6 wolves
  6 centaurs
  3 phantoms
  2 kobold brigands
  8 bullfrogs
  2 wyvern zombies
  2 scorpions
  A water moccasin zombie (D:5)
  3 troll zombies (D:11)
  7 killer bees
  3 electric eels (D:8)
  6 wights
  2 howler monkeys
  10 centaur zombies
  A bullfrog zombie (D:7)
  3 hounds
  4 jellies
  2 gnoll shamans
  16 orc priests
  A bullfrog skeleton (D:5)
  2 centaur skeletons (D:7)
  3 iguanas
  28 orc wizards
  3 ogre zombies (D:11)
  A howler monkey zombie (D:3)
  3 adders
  9 gnolls
  A howler monkey skeleton (D:7)
  A shadow imp (D:7)
  A white imp (D:5)
  2 worms
  4 dart slugs
  70 orcs
  11 ball pythons
  4 bats
  9 endoplasms
  7 giant cockroaches
  9 goblins
  14 hobgoblins
  6 quokkas
  4 frilled lizards
  3 hobgoblin skeletons (D:11)
  A jackal skeleton (D:4)
  11 kobolds
  An orc skeleton (D:11)
  15 orc zombies (D:11)
  3 rats
756 creatures vanquished.

Vanquished Creatures (others)
  A bloated husk (Swamp:1)
  4 foxfires (Swamp:3)
  31 fungi
  35 plants
71 creatures vanquished.

Grand Total: 827 creatures vanquished

Notes
Turn   | Place    | Note
-------+----------+-------------------------------------------
     0 | D:1      | protoss039 the Deep Elf Air Elementalist began the quest
                  | for the Orb.
     0 | D:1      | Reached XP level 1. HP: 10/10 MP: 6/6
   295 | D:1      | Reached XP level 2. HP: 15/15 MP: 1/8
   576 | D:1      | Reached XP level 3. HP: 19/19 MP: 1/10
   720 | D:1      | Found a faded altar of an unknown god.
  1253 | D:1      | Learned a level 2 spell: Static Discharge
  1254 | D:2      | Found a shimmering blue altar of Sif Muna.
  1259 | D:2      | Learned a level 3 spell: Swiftness
  1265 | D:2      | Became a worshipper of Sif Muna the Loreminder
  1888 | D:2      | Reached XP level 4. HP: 24/24 MP: 6/11
  2218 | D:2      | Learned a level 4 spell: Airstrike
  2394 | D:3      | Reached skill level 4 in Spellcasting
  2394 | D:3      | Reached * piety under Sif Muna
  2561 | D:3      | Reached skill level 1 in Invocations
  3257 | D:4      | Reached skill level 1 in Fighting
  3257 | D:4      | Reached XP level 5. HP: 22/29 MP: 4/13
  3336 | D:4      | Noticed a black bear
  3421 | D:4      | Noticed a necrophage
  3428 | D:4      | Killed a necrophage
  3699 | D:4      | Found a staircase to the Ecumenical Temple.
  3795 | D:4      | Found Weabox's Jewellery Shop.
  3798 | D:4      | Noticed a necrophage
  3805 | D:4      | Killed a necrophage
  3806 | D:4      | Reached skill level 5 in Spellcasting
  3806 | D:4      | Reached XP level 6. HP: 22/34 MP: 6/15
  4312 | D:4      | Noticed an ice beast
  4326 | D:4      | Killed an ice beast
  4490 | D:4      | Found Ippieli's Assorted Antiques.
  4652 | D:4      | Noticed an orc warrior
  4666 | D:4      | Reached XP level 7. HP: 25/40 MP: 6/17
  4802 | D:4      | Reached ** piety under Sif Muna
  4920 | D:4      | Reached skill level 6 in Spellcasting
  5159 | D:4      | Reached skill level 5 in Air Magic
  5536 | D:4      | Reached skill level 5 in Fighting
  5536 | D:4      | Reached skill level 9 in Spellcasting
  5536 | D:4      | Reached XP level 8. HP: 49/49 MP: 18/23
  5538 | D:5      | Entered Level 5 of the Dungeon
  5783 | D:5      | Noticed Prince Ribbit
  5791 | D:5      | Killed Prince Ribbit
  5792 | D:5      | Reached skill level 10 in Spellcasting
  5872 | D:5      | Reached XP level 9. HP: 54/54 MP: 13/25
  6999 | D:6      | Noticed a two-headed ogre
  7005 | D:6      | Killed a two-headed ogre
  7006 | D:6      | Reached skill level 11 in Spellcasting
  7654 | D:6      | Reached *** piety under Sif Muna
  8179 | D:7      | Reached XP level 10. HP: 59/59 MP: 20/27
  8457 | D:7      | Reached skill level 12 in Spellcasting
  8606 | D:7      | Found a radiant altar of Vehumet.
  8693 | D:7      | Noticed a cyclops
  8978 | D:7      | Noticed Joseph
  8984 | D:7      | Killed Joseph
  9284 | D:7      | Found a sacrificial altar of Ru.
  9787 | D:8      | Identified the +1 leather armour of Free Will {Harm Str+5}
  9990 | D:8      | Reached skill level 13 in Spellcasting
 10227 | D:8      | Reached **** piety under Sif Muna
 10345 | D:7      | Killed a cyclops
 10346 | D:7      | Reached skill level 10 in Air Magic
 10470 | D:8      | Noticed Psyche
 10475 | D:8      | Killed Psyche
 10476 | D:8      | Reached XP level 11. HP: 58/63 MP: 16/30
 10972 | D:9      | Found a hazy altar of Hepliaklqana.
 11141 | D:9      | Noticed a two-headed ogre
 11213 | D:9      | Killed a two-headed ogre
 11320 | D:9      | Reached skill level 14 in Spellcasting
 11568 | D:9      | Found a staircase to the Lair.
 11839 | D:9      | Noticed a seven-headed hydra
 11844 | D:9      | Killed a seven-headed hydra
 11975 | D:10     | Entered Level 10 of the Dungeon
 12245 | D:10     | Found a large runed translucent door.
 12245 | D:10     | Found a large runed translucent door.
 12445 | D:10     | Noticed a deep elf pyromancer
 12453 | D:10     | Killed a deep elf pyromancer
 12529 | D:10     | Found a large runed translucent door.
 12529 | D:10     | Found a large runed translucent door.
 12544 | D:10     | Found Owkeut's Book Boutique.
 12588 | D:10     | Reached skill level 15 in Spellcasting
 12992 | D:10     | Noticed a two-headed ogre
 12997 | D:10     | Killed a two-headed ogre
 13161 | D:10     | Noticed a centaur warrior
 13166 | D:10     | Killed a centaur warrior
 13293 | D:10     | Noticed a green ugly thing
 13446 | D:10     | Killed a green ugly thing
 13449 | D:10     | Identified the +1 rapier "Ogreslayer" {pain, Contam Fly
                  | rF++ Will+}
 13676 | D:10     | Reached XP level 12. HP: 45/68 MP: 21/33
 13678 | D:10     | Noticed an ogre mage
 13703 | D:10     | Paralysed by something for 5 turns
 14070 | D:10     | Killed an ogre mage
 14597 | D:11     | Noticed Erolcha
 14671 | D:11     | Found a staircase to the Orcish Mines.
 14677 | D:11     | Reached ***** piety under Sif Muna
 14678 | D:11     | Reached skill level 16 in Spellcasting
 15076 | D:11     | Noticed a four-headed hydra
 15431 | D:11     | Found Godayne's Magic Scroll Shoppe.
 15926 | D:11     | Killed a four-headed hydra
 16121 | D:11     | Killed Erolcha
 16928 | D:10     | Bought a book of the Sky for 616 gold pieces
 16932 | D:10     | Learned a level 3 spell: Vampiric Draining
 16989 | D:11     | Bought a scroll of magic mapping for 42 gold pieces
 16989 | D:11     | Bought a scroll of identify for 24 gold pieces
 16989 | D:11     | Bought a scroll of teleportation for 36 gold pieces
 17160 | D:11     | Learned a level 7 spell: Storm Form
 17169 | D:11     | Learned a level 8 spell: Maxwell's Capacitive Coupling
 17176 | D:12     | Received a gift from Sif Muna
 17180 | D:12     | Got Sif Muna's Guide on Clay {god gift}
 17187 | D:12     | Learned a level 5 spell: Borgnjor's Vile Clutch
 17194 | D:12     | Learned a level 6 spell: Iron Shot
 17732 | D:12     | Reached skill level 1 in Necromancy
 17896 | D:12     | Reached skill level 1 in Transmutations
 18177 | D:12     | Reached skill level 1 in Earth Magic
 18633 | D:13     | Noticed a centaur warrior
 18637 | D:13     | Killed a centaur warrior
 18916 | D:13     | Noticed a boulder beetle
 19022 | Lair:1   | Entered Level 1 of the Lair of Beasts
 19178 | Lair:1   | Reached XP level 13. HP: 41/74 MP: 23/35
 19325 | Lair:1   | Reached skill level 17 in Spellcasting
 19587 | Lair:1   | Noticed Nergalle
 19593 | Lair:1   | Killed Nergalle
 20011 | Lair:1   | Noticed Harold
 20064 | Lair:1   | Killed Harold
 20635 | Lair:2   | Found a burning altar of Makhleb.
 21217 | Lair:2   | Found a staircase to the Swamp.
 21307 | Lair:2   | Received a gift from Sif Muna
 21308 | Lair:2   | Got Sif Muna's Compendium of Aerial Heat {god gift}
 22363 | Lair:3   | Noticed Gastronok
 22671 | Lair:3   | Found a snail-covered altar of Cheibriados.
 22754 | Lair:3   | Killed Gastronok
 24479 | Lair:4   | Found a staircase to the Snake Pit.
 24534 | Lair:4   | Reached skill level 18 in Spellcasting
 25296 | Lair:5   | Reached skill level 5 in Transmutations
 25733 | Lair:5   | Found a staircase to the Slime Pits.
 26239 | Lair:6   | Entered Level 6 of the Lair of Beasts
 26595 | Lair:6   | Reached XP level 14. HP: 55/82 MP: 17/38
 26896 | Lair:5   | Learned a level 1 spell: Apportation
 28568 | Lair:5   | Learned a level 5 spell: Lightning Bolt
 28574 | Lair:5   | Learned a level 5 spell: Irradiate
 29610 | Lair:6   | Noticed Nessos
 29618 | Lair:6   | Killed Nessos
 29781 | Lair:6   | Found a burning altar of Makhleb.
 29818 | Lair:6   | Reached skill level 19 in Spellcasting
 30611 | Lair:6   | Found a gateway to Hell.
 30872 | Lair:6   | Reached skill level 5 in Necromancy
 31227 | D:13     | Noticed Snorg
 31233 | D:13     | Killed Snorg
 31427 | D:13     | Received a gift from Sif Muna
 31431 | D:13     | Got Ehenosk's Collected Works on Execration {god gift}
 31657 | D:13     | Reached skill level 10 in Invocations
 31683 | D:13     | Reached skill level 5 in Earth Magic
 32675 | D:13     | Found a gate to the Vaults.
 33301 | D:14     | Reached XP level 15. HP: 88/88 MP: 22/40
 34038 | D:15     | Entered Level 15 of the Dungeon
 34503 | D:15     | Found Bymuriu's General Store.
 34507 | D:15     | Found Xiceeput's Specific Store.
 34515 | D:15     | Bought a potion of curing for 45 gold pieces
 35193 | D:15     | Noticed a quicksilver dragon
 35194 | D:15     | Noticed a shadow dragon
 35194 | D:15     | a quicksilver dragon changed into a shadow dragon
 35208 | D:15     | Noticed a fenstrider witch
 35212 | D:15     | Killed a fenstrider witch
 36412 | D:15     | Found a staircase to the Depths.
 37226 | D:4      | Bought a scroll of teleportation for 69 gold pieces
 37226 | D:4      | Bought a potion of curing for 69 gold pieces
 37390 | Orc:1    | Entered Level 1 of the Orcish Mines
 37701 | Orc:2    | Entered Level 2 of the Orcish Mines
 37886 | Orc:2    | Found a shimmering blue altar of Sif Muna.
 38007 | Orc:2    | Reached skill level 20 in Spellcasting
 38401 | Orc:2    | Found a staircase to the Elven Halls.
 38707 | Orc:2    | Received a gift from Sif Muna
 38711 | Orc:2    | Got Sif Muna's Arcane Secrets of Spellcraft {god gift}
 38763 | Orc:2    | Noticed Urug
 38770 | Orc:2    | Killed Urug
 39610 | Orc:2    | Found Quifeur's Jewellery Emporium.
 39610 | Orc:2    | Found Ganampur's Assorted Antiques.
 39612 | Orc:2    | Found Vetat's Jewellery Emporium.
 39612 | Orc:2    | Found Hedememua's Assorted Antiques.
 39621 | Orc:2    | Bought a bloodstained robe for 210 gold pieces
 39621 | Orc:2    | Identified the +2 robe "Kerghesha" {rPois SInv} (You bought
                  | it in a shop on level 2 of the Orcish Mines)
 39638 | Orc:2    | Bought a potion of curing for 84 gold pieces
 39638 | Orc:2    | Bought 3 scrolls of teleportation for 252 gold pieces
 39654 | Orc:2    | Bought the ring of Xekun {rN+ Int+9} for 504 gold pieces
 40090 | Orc:2    | Found a transporter.
 40097 | Orc:2    | Found a bloodstained altar of Trog.
 40097 | Orc:2    | Noticed Nicoed's ghost (journeyman DECj)
 40107 | Orc:2    | Found a transporter.
 40702 | Orc:1    | Paralysed by an orc sorcerer for 7 turns
 40967 | Orc:1    | Noticed an orc warlord
 40980 | Orc:1    | Killed an orc warlord
 41357 | Orc:2    | Bought a warped mace for 296 gold pieces
 41357 | Orc:2    | Identified the +5 mace of the Poles {vorpal, Dex+2} (You
                  | bought it in a shop on level 2 of the Orcish Mines)
 41366 | Orc:2    | Learned a level 6 spell: Statue Form
 41562 | Swamp:1  | Entered Level 1 of the Swamp
 42098 | Swamp:1  | Received a gift from Sif Muna
 42110 | Swamp:1  | HP: 1/115 [spriggan rider/+0 spear (14)]
 42787 | Swamp:1  | Got Sif Muna's Papyrus of Attacks {god gift}
 43385 | Swamp:2  | Reached skill level 21 in Spellcasting
 43662 | Swamp:2  | Reached XP level 16. HP: 94/94 MP: 16/43
 45027 | Swamp:2  | Noticed a tentacled monstrosity
 45032 | Swamp:2  | Killed a tentacled monstrosity
 45493 | Swamp:2  | Reached skill level 10 in Conjurations
 46126 | Swamp:3  | Reached skill level 22 in Spellcasting
 46982 | Swamp:3  | Killed from afar by an eleionoma

Illustrated notes

Levels and vault maps discovered:
D:1:      lightli_arrival_chessboard, layout_loops_cross,
          dreamdust_ecumenical_altar_angels_and_demons
D:2:      layout_rooms, basic_altar
D:3:      layout_rooms
D:4:      minmay_bubble_buster, layout_layer_cave, minmay_temple_entry_slanted,
          serial_shops, shop, nicolae_shop_advertising_works
          [nicolae_subvault_shop_adworks], st_stairs_5,
          ebering_dispersal_statue_hall, grunt_ministairs_1
D:5:      layout_basic, serial_rivers, chequers_serial_rivers_large_b,
          chequers_serial_rivers_small_b, chequers_serial_rivers_room_b,
          chequers_serial_rivers_micro_e, uniq_prince_ribbit1
D:6:      layout_loops_ring, nrook_mini_backslash, chequers_garden
D:7:      layout_basic, mainiacjoe_overflow_concentric_impassable,
          small_statue_intersection, minmay_ruined_shrine, uniq_joseph
D:8:      layout_loops_ring, kennysheep_cluttered_room, uniq_psyche
D:9:      layout_rooms, nzn_hepliaklqana_mist_gate,
          grunt_lair_entry_orc_guard_hut
D:10:     kennysheep_blocky_room, layout_cross, serial_shops, shop,
          minmay_hollow_rounded_squares
D:11:     layout_loops_ring, zombieorc1_lemuel, serial_shops,
          nicolae_shop_stone, uniq_erolcha
D:12:     layout_roguey
D:13:     layout_gridville, grunt_vaults_entry_tiered, uniq_snorg
D:14:     layout_rooms, serial_co_window_serial, co_window_corner_a,
          co_window_corner_a, co_window_corner_a, co_window_paths_a,
          co_window_paths_a, co_window_paths_b, co_window_paths_b,
          co_window_corner_cb, co_window_broadway_c, co_window_cross_4,
          co_window_corner_b, co_window_paths_c
D:15:     gammafunk_enter_depths_forms, layout_basic, grunt_decor_arrowhead,
          nicolae_specific_store, nrook_guardian_serpent_ordinary
Lair:1:   layout_chaotic_city, uniq_nergalle, uniq_harold
Lair:2:   layout_gridlike, minmay_swamp_entry_worms, basic_altar,
          grunt_megastairs_3
Lair:3:   layout_long_grid, basic_altar, uniq_gastronok
Lair:4:   layout_gridlike, guppyfry_snake_entry_island
Lair:5:   layout_regular_city, nicolae_slime_entry_slimehenge
Lair:6:   evil_forest, layout_hall_layers, st_stairs_12, uniq_nessos
Swamp:1:  layout_basic_swamp, evilmike_swamp_ruin_house_1, swamp_pool1,
          infiniplex_staircase_pool
Swamp:2:  nzn_winding_woodlands_medium [nzn_winding_woodlands_5x5_default,
          nzn_winding_woodlands_5x15_zeroes,
          nzn_winding_woodlands_5x5_closed_star,
          nzn_winding_woodlands_5x5_checkerboard,
          nzn_winding_woodlands_center_lodge,
          nzn_winding_woodlands_5x5_perimeter, nzn_winding_woodlands_5x5_cross,
          nzn_winding_woodlands_5x15_sidewinder,
          nzn_winding_woodlands_5x5_open_star], layout_falls_marsh,
          evilmike_swamp_ruin_house_2, infiniplex_staircase_pool_2
Swamp:3:  gammafunk_mikee_crab_dinner, layout_basic_swamp,
          evilmike_swamp_ruin_house_3
Orc:1:    layout_caves
Orc:2:    grunt_orc_tribal_feast, layout_diamond_mine,
          gammafunk_ghost_wrathful_warriors, portal_ice_cave_demonic_guard,
          kennysheep_orc_sif_temple, uniq_urug

Skill      XL: |  1  2  3  4  5  6  7  8  9 10 11 12 13 14 15 16 |
---------------+-------------------------------------------------+-----
Dodging        | 3 |  3.0
Stealth        | 3 |  3.0
Spellcasting   | 4 5 9 10 11 13 15 16 18 19 21 22 | 22.2
Conjurations   | 2 3 7 8 9 10 | 10.1
Invocations    | 1 2 6 8 9 10 11 | 11.9
Fighting       | 1 2 5 6 7 8 9 |  9.3
Air Magic      | 4 7 9 10 11 12 13 14 | 14.6
Necromancy     | 2 3 5 6 |  6.0
Transmutations | 2 5 7 8 9 |  9.0
Earth Magic    | 1 3 5 6 |  6.5
Shields        | |  0.2

Action                   |  1- 3 |  4- 6 |  7- 9 | 10-12 | 13-15 | 16-18 || total
-------------------------+-------+-------+-------+-------+-------+-------++-------
Melee: Unarmed           |    13 |       |       |       |    61 |       ||    74
       Spear             |    11 |       |       |       |       |       ||    11
       Short sword       |     8 |    26 |       |       |       |       ||    34
       Falchion          |       |    15 |       |       |       |       ||    15
       Punch             |       |     1 |       |     1 |     5 |       ||     7
       Staff             |       |       |     3 |    12 |       |       ||    15
       Rapier            |       |       |       |    10 |   158 |    33 ||   201
 Cast: Shock             |    78 |    49 |    48 |   127 |    17 |       ||   319
       Static Discharge  |     4 |    31 |    23 |   100 |    67 |       ||   225
       Swiftness         |       |     1 |     3 |    12 |    29 |     1 ||    46
       Airstrike         |       |       |    43 |   284 |   235 |       ||   562
       Borgnjor's Vile C |       |       |       |       |   200 |    59 ||   259
       Iron Shot         |       |       |       |       |   102 |    53 ||   155
       Irradiate         |       |       |       |       |    50 |    10 ||    60
       Vampiric Draining |       |       |       |       |     3 |       ||     3
       Storm Form        |       |       |       |       |     8 |       ||     8
       Maxwell's Capacit |       |       |       |       |     2 |     3 ||     5
       Lightning Bolt    |       |       |       |       |    19 |       ||    19
       Statue Form       |       |       |       |       |     8 |    19 ||    27
Invok: Channel Magic     |       |       |       |       |     1 |       ||     1
 Abil: End Transformatio |       |       |       |       |     6 |     2 ||     8
       Blinkbolt         |       |       |       |       |     1 |       ||     1
Evoke: Wand              |       |       |       |     3 |       |       ||     3
  Use: Potion            |       |     4 |     2 |       |     5 |     1 ||    12
       Scroll            |       |       |     7 |     7 |    15 |     1 ||    30
 Stab: Sleeping          |     2 |     8 |       |     1 |       |       ||    11
       Confused          |       |       |       |       |       |     1 ||     1
Armor: Robe              |    11 |     9 |     8 |    56 |   115 |    10 ||   209
       Skin              |       |       |       |       |    82 |    84 ||   166
Dodge: Dodged            |    31 |    29 |    34 |   136 |   293 |    63 ||   586
       Repelled          |       |       |       |     5 |     7 |     4 ||    16
Block: Other             |       |       |       |       |   105 |    26 ||   131
       Reflection        |       |       |       |       |     8 |     1 ||     9
